 Dungeon Crawl Stone Soup version 0.17-a0-1378-g281efdd (webtiles) character file.

287 Steifyn the Ruffian (level 6, -6/61 HPs)
             Began as a Troll Monk on June 14, 2015.
             Mangled by a gnoll
             ... wielding a +0 spear
              (9 damage)
             ... on level 5 of the Dungeon.
             The game lasted 00:14:04 (1450 turns).

Steifyn the Ruffian (Troll Monk)                    Turns: 1450, Time: 00:14:04

Health: -6/61      AC:  5    Str: 22    XL:     6   Next: 8%
Magic:  5/5        EV: 11    Int:  6    God:
Gold:   64         SH:  0    Dex: 12    Spells: 0 memorised, 5 levels left

rFire  . . .     SeeInvis .       - Unarmed
rCold  . . .     Clarity  .     a - +0 robe
rNeg   . . .     SustAt   .     (no shield)
rPois  .         Gourm    +     (helmet restricted)
rElec  .         Spirit   .     (no cloak)
rCorr  .         Warding  .     (gloves unavailable)
rMut   .         Stasis   .     (boots unavailable)
MR     .....                    (no amulet)
Stlth  ++........               (no ring)
                                (no ring)

@: not resistant to hostile enchantments, unstealthy
A: unfitting armour, claws 3, fast metabolism 3, gourmand, regeneration 2,
shaggy fur 1, tough skin 2
a: no special abilities


You were on level 5 of the Dungeon.
You were not hungry.

You visited 1 branch of the dungeon, and saw 5 of its levels.

You collected 64 gold pieces.

Inventory:

Armour
 a - a +0 robe (worn)
Scrolls
 c - a scroll of enchant weapon
 g - a scroll of remove curse
 h - 2 scrolls of blinking
 i - a scroll of identify
 k - a scroll of fear
Potions
 d - a potion of magic
 e - a potion of resistance
Comestibles
 b - 4 bread rations
 f - 6 chunks of flesh
 j - a meat ration


   Skills:
 + Level 3.3 Fighting
 + Level 4.1 Dodging
 + Level 1.5 Stealth
 + Level 5.2 Unarmed Combat


You had 5 spell levels left.
You didn't know any spells.

Dungeon Overview and Level Annotations

Branches:
Dungeon (5/15)
 Temple: D:4-7

Altars:
Kikubaaqudgha


Innate Abilities, Weirdness & Mutations

You are too large for most types of armour.
You have claws for hands.
Your metabolism is lightning-fast.
You like to eat raw meat.
You heal very quickly.
You are covered in fur (AC +1).
You have very tough skin (AC +2).


Message History

The gnoll hits you from afar with a spear.
* * * LOW HITPOINT WARNING * * *
The gnoll hits you from afar with a spear.
* * * LOW HITPOINT WARNING * * *
The gnoll moves out of view.
The gnoll hits you with a spear.
* * * LOW HITPOINT WARNING * * *
The gnoll barely misses you. The gnoll barely misses you.
The gnoll hits you from afar with a spear.
* * * LOW HITPOINT WARNING * * *
There is an open door here.
The gnoll completely misses you.
The gnoll hits you from afar with a spear!
* * * LOW HITPOINT WARNING * * *
The gnoll closely misses you. The gnoll barely misses you.
The gnoll hits you with a spear.
* * * LOW HITPOINT WARNING * * *
The gnoll hits you from afar with a spear!
You die...

....[....# #g#+#
.........#
######.g.#
####.....#
#....##g.# #.....#
#....'..># #.....#
#....#####
#.....###....#...
#.......#....#'####
##......###gg.....##
#......# #..@.....#
#......# #........#
#......# #........#
#......# #.......##
#......# #########
#......# ####)###
#.#### #[...#


You could see 2 gnolls.

Vanquished Creatures
  An ogre (D:4)
  2 giant frog skeletons (D:5)
  An iguana (D:5)
  A worker ant (D:5)
  A gnoll (D:5)
  3 adders
  2 giant geckos (D:1)
  An orc (D:4)
  8 bats
  A giant cockroach (D:4)
  5 hobgoblins
  4 jackals (D:5)
  A quokka (D:5)
  A ball python (D:1)
  A giant cockroach zombie (D:5)
  2 giant newts (D:1)
  4 goblins
  5 kobolds
  13 rats
  2 plants (D:2)
59 creatures vanquished.

Notes
Turn   | Place    | Note
--------------------------------------------------------------
     0 | D:1      | Steifyn the Troll Monk began the quest for the Orb.
     0 | D:1      | Reached XP level 1. HP: 22/22 MP: 0/0
   115 | D:1      | Reached XP level 2. HP: 26/29 MP: 1/1
   464 | D:2      | Reached XP level 3. HP: 28/36 MP: 2/2
   511 | D:2      | Found an ancient bone altar of Kikubaaqudgha.
  1105 | D:4      | Noticed an ogre
  1119 | D:4      | Killed an ogre
  1119 | D:4      | Reached skill level 5 in Unarmed Combat
  1119 | D:4      | Reached XP level 4. HP: 43/45 MP: 3/3
  1119 | D:4      | Reached XP level 5. HP: 50/53 MP: 4/4
  1256 | D:5      | Entered Level 5 of the Dungeon
  1413 | D:5      | Reached XP level 6. HP: 61/61 MP: 5/5
  1450 | D:5      | HP: 3/61 [gnoll/spear (6)]
  1450 | D:5      | Mangled by a gnoll

Vault maps used:
D:1:      dpeg_arrival_lava_temple_mockup
D:2:      gammafunk_temple_overflow_statue, kiku_gazebo_garden_becter,
          ecumenical_altar_2, kennysheep_donut
D:3:      first_bread
D:4:      overflow_temple_1_default, minivault_14
D:5:      uniq_edmund

Action                   |  1- 3 |  4- 6 || total
-------------------------+-------+-------++-------
Melee: Unarmed           |   155 |    51 ||   206
  Use: Scroll            |     4 |     1 ||     5
       Potion            |     6 |       ||     6
 Stab: Sleeping          |     2 |     1 ||     3
  Eat: Chunk             |     4 |     2 ||     6
       Pizza             |     1 |       ||     1
       Beef jerky        |     1 |       ||     1
       Bread ration      |       |     1 ||     1
